 Dungeon Crawl Stone Soup version 0.20-a0-1109-ge3cd172 (webtiles) character file.

9388 grindst0ne the Fighter (level 11, -10/111 HPs)
             Began as a Minotaur Berserker on May 5, 2017.
             Was a High Priest of Trog.
             Killed from afar by a molten gargoyle (30 damage)
             ... with a bolt of magma
             ... on level 10 of the Dungeon.
             The game lasted 00:25:18 (7823 turns).

grindst0ne the Fighter (Minotaur Berserker)         Turns: 7823, Time: 00:25:18

Health: -10/111    AC:  2    Str: 28    XL:     11   Next: 22%
Magic:  28/28      EV: 13    Int:  8    God:    Trog [*****.]
Gold:   137        SH:  0    Dex: 12    Spells: 10/10 levels left

rFire    . . .     SeeInvis +   K - +1 dire flail (drain)
rCold    + . .     Gourm    .   (shield currently unavailable)
rNeg     . . .     Faith    .   (no armour)
rPois    +         Spirit   .   (helmet restricted)
rElec    +         Reflect  .   M - +0 cloak
rCorr    .         Harm     .   a - +0 pair of gloves {archery}
MR       .....                  (no boots)
Stlth    ++++......             n - amulet of regeneration
Regen    0.7/turn               g - ring "Muruurr" {+Inv MP+9 SInv Stlth+}
MPRegen  0.3/turn               P - ring "Saum" {*Contam MP+9 Str+2 Int+4 Stlth+}

@: mighty
A: retaliatory headbutt, horns 2, thin skeletal structure 1, cold resistance 1,
poison resistance, electricity resistance, weak 2, MP-powered wands
a: Berserk, Trog's Hand, Brothers in Arms, Burn Spellbooks, Renounce Religion,
Evoke Invisibility


You were on level 10 of the Dungeon.
You worshipped Trog.
Trog was extremely pleased with you.
You were not hungry.

You visited 1 branch of the dungeon, and saw 10 of its levels.

You collected 481 gold pieces.
You spent 344 gold pieces at shops.

Inventory:

Hand Weapons
 E - a +1 whip of electrocution
 H - a +0 whip of flaming
 K - a +1 dire flail of draining (weapon)
 V - a +1 war axe of freezing
Armour
 a - a +0 pair of gloves of archery (worn)
 D - the +1 robe "Wuijoas" {Slay+2}
   (You found it on level 6 of the Dungeon)

   It affects your accuracy and damage with ranged weapons and melee attacks
   (+2).
 G - a +1 leather armour of fire resistance
 M - a +0 cloak (worn)
Jewellery
 g - the ring "Muruurr" (left hand) {+Inv MP+9 SInv Stlth+}
   (You found it on level 7 of the Dungeon)

   [ring of stealth]

   It affects your magic capacity (+9).
   It lets you see invisible.
   It lets you turn invisible.
   It makes you more stealthy.
 n - an amulet of regeneration (around neck)
 r - an uncursed ring of flight
 C - a +2 ring of strength
 P - the ring "Saum" (right hand) {*Contam MP+9 Str+2 Int+4 Stlth+}
   (You found it on level 8 of the Dungeon)

   [ring of magical power]

   It affects your strength (+2).
   It affects your intelligence (+4).
   It affects your magic capacity (+9).
   It causes magical contamination when unequipped.
   It makes you more stealthy.
 Y - an uncursed ring of stealth {unknown}
 Z - an uncursed ring of magical power {unknown}
Wands
 l - a wand of lightning (6/15)
 o - a wand of polymorph (19/24)
 t - a wand of disintegration (11/24)
 F - a wand of lightning (6/15)
 J - a wand of flame (25/48)
 N - a wand of random effects (14/48)
 R - a wand of enslavement (13/24)
 W - a wand of polymorph (9/24)
Scrolls
 d - 4 scrolls of fear
 i - 2 scrolls of remove curse
 j - 3 scrolls of teleportation
 L - 3 scrolls of recharging
 U - a scroll of identify
Potions
 e - 8 potions of curing
 h - a potion of flight
 q - 4 potions of agility
 u - 2 potions of brilliance
 w - 2 potions of might
 z - a potion of cancellation
Comestibles
 c - 4 bread rations
 f - 5 fruits
 k - 14 royal jellies
 p - 6 meat rations


   Skills:
 + Level 14.5 Fighting
 + Level 14.3 Maces & Flails
 - Level 2.6 Armour
 - Level 2.9 Dodging
 - Level 0.5 Stealth


You had 10 spell levels left.
You didn't know any spells.

Dungeon Overview and Level Annotations

Branches:
Dungeon (10/15)            Temple (0/1) D:7
   Lair: D:8-11         Orc: D:9-12

Altars:
Ashenzari
Cheibriados
Gozag
Qazlal
Ru
Uskayaw
Xom

Shops:
D:5 =   D:10 [


Innate Abilities, Weirdness & Mutations

You reflexively headbutt those who attack you in melee.
You have a pair of horns on your head.
You have a somewhat thin skeletal structure. (Dex +2, Stealth)
Your flesh is cold resistant. (rC+)
Your system is resistant to poisons. (rPois)
You are resistant to electric shocks. (rElec)
You are very weak. (Str -4)
You expend magic power (3 MP) to strengthen your wands.


Message History

You destroy the molten gargoyle!
Trog accepts your kill.
You hit the iguana. You drain the iguana! You headbutt the iguana.
The iguana is almost dead.
The iguana bites you.
You hit the iguana.
You kill the iguana!
Trog accepts your kill.
Okay, then.
You feel very mighty all of a sudden.
The molten gargoyle blasts magma at you!
The bolt of magma hits you!
* * * LOW HITPOINT WARNING * * *
The molten gargoyle closely misses you.
You hit the molten gargoyle but do no damage.
You headbutt the molten gargoyle!
The molten gargoyle is moderately damaged.
The molten gargoyle blasts magma at you!
The bolt of magma hits you!
You die...

...#.≈≈≈≈≈§≈.#
#..§≈≈≈≈≈.#
#.).§.≈...
#.#)#.#.#.# #.#.#.#.#
# ###..## #....# ##.#
#....# .#
.#######9####....##.#
.........@.##....##.#
########...##....##.#
##.∩##....##.# .
#:.##....##.# ..
#..##....##.###...
##.##.............
#..##....).......
#..##..###.###...
#......#....# .


You could see a molten gargoyle.

Vanquished Creatures
  A two-headed ogre (D:9)
  Pikel (D:6)
  2 molten gargoyles (D:10)
  Maurice (D:8)
  A gargoyle (D:10)
  A centaur zombie (D:10)
  Grinder (D:6)
  A hornet (D:8)
  3 hippogriffs
  3 slime creatures (D:7)
  6 yaks (D:8)
  The ghost of Voxish the Ducker, an amateur SpVM (D:5)
  Eustachio (D:6)
  A hungry ghost (D:7)
  Menkaure (D:6)
  An ice beast (D:7)
  4 sky beasts
  A phantom (D:5)
  2 orc warriors
  An eye of draining (D:9)
  A necrophage (D:9)
  3 ogres
  A black bear (D:7)
  4 centaurs
  4 bullfrogs
  A gnoll sergeant (D:8)
  2 scorpions
  4 wights (D:9)
  3 killer bees (D:10)
  5 howler monkeys
  A crimson imp (D:7)
  6 hounds
  A bullfrog zombie (D:9)
  7 jellies
  A bullfrog skeleton (D:9)
  2 orc priests
  Natasha (twice) (D:2)
  An iguana (D:10)
  11 orc wizards
  8 worker ants
  4 gnolls (D:8)
  A howler monkey skeleton (D:8)
  11 adders
  2 shadow imps (D:9)
  12 oozes
  An adder skeleton (D:5)
  6 worms
  3 dart slugs
  3 leopard geckos
  28 orcs
  4 bats
  5 giant cockroaches
  5 hobgoblins
  17 jackals
  6 quokkas
  2 frilled lizards (D:1)
  A jackal skeleton (D:9)
  14 kobolds
  3 quokka skeletons
  13 rats
243 creatures vanquished.

Vanquished Creatures (others)
  A leopard gecko (D:6)
  An orc (D:6)
  A giant cockroach (D:5)
  8 fungi (D:7)
  7 toadstools (D:7)
18 creatures vanquished.

Grand Total: 261 creatures vanquished

Notes
Turn   | Place    | Note
-------+----------+-------------------------------------------
     0 | D:1      | grindst0ne the Minotaur Berserker began the quest for the Orb.
     0 | D:1      | Reached XP level 1. HP: 19/19 MP: 0/0
   107 | D:1      | Reached XP level 2. HP: 24/27 MP: 1/1
   315 | D:1      | Reached ** piety under Trog
   645 | D:2      | Reached XP level 3. HP: 31/33 MP: 2/2
   899 | D:2      | Noticed Natasha
   903 | D:2      | Killed Natasha
   903 | D:2      | Reached XP level 4. HP: 41/41 MP: 3/3
  1183 | D:2      | Noticed Natasha
  1188 | D:2      | Killed Natasha
  1188 | D:2      | Reached skill level 5 in Fighting
  1188 | D:2      | Reached skill level 5 in Maces & Flails
  1470 | D:3      | Reached XP level 5. HP: 48/48 MP: 4/4
  1755 | D:3      | Reached *** piety under Trog
  2060 | D:3      | Found a sacrificial altar of Ru.
  2060 | D:3      | Found a shimmering altar of Xom.
  2323 | D:4      | Found an opulent altar of Gozag.
  2325 | D:4      | Noticed an ogre
  2325 | D:4      | Found a shimmering altar of Xom.
  2325 | D:4      | Found a sacrificial altar of Ru.
  2327 | D:4      | Found a hide-covered altar of Uskayaw.
  2327 | D:4      | Found a shattered altar of Ashenzari.
  2327 | D:4      | Found a shimmering altar of Xom.
  2329 | D:4      | Killed an ogre
  2329 | D:4      | Reached XP level 6. HP: 57/57 MP: 5/5
  2505 | D:4      | You fall through a shaft for 3 floors!
  2569 | D:7      | Got a flickering lead ring
  2577 | D:7      | Noticed a sky beast
  2588 | D:7      | Found a shattered altar of Ashenzari.
  2764 | D:5      | Entered Level 5 of the Dungeon
  2794 | D:5      | Found a snail-covered altar of Cheibriados.
  2896 | D:4      | Reached XP level 7. HP: 50/66 MP: 6/6
  3135 | D:4      | Identified the ring "Muruurr" {+Inv MP+9 SInv Stlth+} (You found it on level 7 of the Dungeon)
  3169 | D:5      | Noticed a hippogriff
  3182 | D:5      | Killed a hippogriff
  3192 | D:5      | Noticed Voxish's ghost (amateur SpVM)
  3325 | D:5      | Killed Voxish's ghost
  3325 | D:5      | Reached **** piety under Trog
  3453 | D:5      | Found Meodairgh's Jewellery Shop.
  3458 | D:5      | Reached XP level 8. HP: 73/75 MP: 7/7
  3475 | D:5      | Bought a +2 ring of strength for 82 gold pieces
  4401 | D:6      | Noticed Eustachio
  4412 | D:6      | Killed Eustachio
  4412 | D:6      | Reached skill level 10 in Fighting
  4515 | D:6      | Reached skill level 10 in Maces & Flails
  4521 | D:6      | Noticed Pikel
  4531 | D:6      | Killed Pikel
  4531 | D:6      | Reached XP level 9. HP: 83/86 MP: 8/8
  4566 | D:6      | Got a faintly glowing robe
  4577 | D:6      | Identified the +1 robe "Wuijoas" {Slay+2} (You found it on level 6 of the Dungeon)
  4654 | D:6      | Noticed Grinder
  4667 | D:6      | Paralysed by Grinder for 2 turns
  4670 | D:6      | Killed Grinder
  4680 | D:6      | Found a stormy altar of Qazlal.
  4704 | D:6      | Noticed Menkaure
  4710 | D:6      | Killed Menkaure
  4867 | D:6      | Found a hide-covered altar of Uskayaw.
  5067 | D:7      | Reached ***** piety under Trog
  5193 | D:7      | Gained mutation: You are dopey. (Int -2) [mutagenic meat]
  5194 | D:7      | Gained mutation: You do not regenerate when monsters are visible. [mutagenic meat]
  5284 | D:7      | Gained mutation: You have sharp toenails. [mutagenic meat]
  5285 | D:7      | Gained mutation: Your flesh is cold resistant. (rC+) [mutagenic meat]
  5718 | D:7      | Reached XP level 10. HP: 89/99 MP: 9/9
  5782 | D:7      | Found a staircase to the Ecumenical Temple.
  5925 | D:7      | Lost mutation: You have sharp toenails. [potion of mutation]
  5925 | D:7      | Lost mutation: You do not regenerate when monsters are visible. [potion of mutation]
  5925 | D:7      | Gained mutation: You are weak. (Str -2) [potion of mutation]
  5925 | D:7      | Gained mutation: Your natural rate of healing is unusually fast. [potion of mutation]
  5925 | D:7      | Gained mutation: Your spells are a little harder to cast, but a little more powerful. [potion of mutation]
  6068 | D:8      | Received a gift from Trog
  6152 | D:8      | Noticed Maurice
  6158 | D:8      | Killed Maurice
  6266 | D:8      | Gained mutation: You are very weak. (Str -4) [mutagenic meat]
  6267 | D:8      | Lost mutation: You are dopey. (Int -2) [mutagenic meat]
  6268 | D:8      | Gained mutation: You are resistant to electric shocks. (rElec) [mutagenic meat]
  6269 | D:8      | Gained mutation: Your system is resistant to poisons. (rPois) [mutagenic meat]
  6575 | D:8      | Got a shimmering amber ring
  6971 | D:9      | Identified the ring "Saum" {*Contam MP+9 Str+2 Int+4 Stlth+} (You found it on level 8 of the Dungeon)
  7241 | D:9      | Gained mutation: You have a somewhat thin skeletal structure. (Dex +2, Stealth) [mutagenic meat]
  7242 | D:9      | Lost mutation: Your natural rate of healing is unusually fast. [mutagenic meat]
  7243 | D:9      | Lost mutation: Your spells are a little harder to cast, but a little more powerful. [mutagenic meat]
  7244 | D:9      | Gained mutation: You expend magic power (3 MP) to strengthen your wands. [mutagenic meat]
  7361 | D:9      | Noticed a two-headed ogre
  7367 | D:9      | Killed a two-headed ogre
  7429 | D:9      | Found an opulent altar of Gozag.
  7502 | D:9      | Reached XP level 11. HP: 109/109 MP: 10/10
  7514 | D:10     | Entered Level 10 of the Dungeon
  7629 | D:10     | Found Poeseips's Antique Armour Shoppe.
  7637 | D:10     | Bought a pair of runed gloves for 262 gold pieces
  7823 | D:10     | Killed from afar by a molten gargoyle

Vault maps used:
D:1:      mrwooster_arrival_statue_3
D:2:      first_bread, uniq_natasha
D:3:      minitemple
D:4:      minivault_11, doesnt_xom_only_xom
D:5:      serial_shops, nicolae_shop_behind_doors, kennysheep_slug_shrine
D:6:      overflow_temple_1_default, kennysheep_little_box, lightli_minifort,
          uniq_eustachio, uniq_pikel, uniq_grinder, uniq_menkaure
D:7:      cheibrodos_fertilizer, ashenzari_altar_1, temple_green
D:8:      hangedman_little_slice_of_home, uniq_maurice
D:9:      nicolae_gozag_cash_rules_everything_around_me
D:10:     serial_shops, shop, minivault_8

Skill      XL: |  1  2  3  4  5  6  7  8  9 10 11 |
---------------+----------------------------------+-----
Fighting       | 4 5 6 7 8 10 12 14 | 14.5
Maces & Flails | 4 5 6 8 10 12 13 14 | 14.3
Armour         | |  2.6
Dodging        | |  2.9
Stealth        | |  0.5

Action                   |  1- 3 |  4- 6 |  7- 9 | 10-12 || total
-------------------------+-------+-------+-------+-------++-------
Melee: Mace              |    53 |   105 |   144 |       ||   302
       Headbutt          |    10 |    24 |    80 |    46 ||   160
       Whip              |       |       |   169 |    45 ||   214
       Kick              |       |       |    31 |     2 ||    33
       Dire flail        |       |       |       |   193 ||   193
Invok: Berserk           |       |       |       |     1 ||     1
       Trog's Hand       |       |       |       |     1 ||     1
  Use: Scroll            |       |    14 |     2 |     4 ||    20
       Potion            |       |       |     4 |     4 ||     8
 Stab: Sleeping          |     1 |     1 |       |     1 ||     3
  Eat: Chunk             |       |     6 |    15 |    18 ||    39
Armor: Animal skin       |     6 |     5 |       |       ||    11
       Plate armour      |       |    35 |    85 |    92 ||   212
       Scale mail        |       |       |    23 |       ||    23
Dodge: Dodged            |    32 |    68 |   102 |    67 ||   269
